AoeStats
← heisenberg

Arena

508433201Analyzed
1v1 RM · 9d ago on Sep 22, 2026· 56m 8s· 2 players
Game mode
Random Map
Map size
Tiny (2 player)
Population
200
Speed
Normal
Resources
Standard
Victory
Conquest
Starting age
Dark Age
Ending age
Imperial Age
RankedLock teamsTeams togetherTeam positionsShared explorationLock speedFull tech treeHidden civsTurbo modeCheats
Victory
Defeat
🇨🇭 Goths · Switzerland
1043
+16
🇷🇺 Khmer · Russia
1033
-16
varvar
7:13 Loom
9:55 Feudal Age
10:21 Double-Bit Axe
10:17 Horse Collar
15:11 Padded Archer Armor
21:40 Castle Age
20:46 Fletching
21:33 Bloodlines
22:23 Scale Barding Armor
22:29 Forging
22:21 Bodkin Arrow
23:26 Wheelbarrow
23:17 Bow Saw
23:22 Heavy Plow
24:32 Chain Barding Armor
25:12 Gold Mining
26:30 Forging
26:44 Husbandry
26:47 Padded Archer Armor
26:09 Crossbowman
27:05 Masonry
28:53 Iron Casting
28:35 Leather Archer Armor
28:19 Murder Holes
28:32 Town Watch
28:28 Light Cavalry
30:39 Ballistics
35:46 Imperial Age
34:23 Murder Holes
34:42 Masonry
36:27 Arbalester
37:43 Bracer
39:01 Chemistry
39:55 Hand Cart
40:17 Plate Barding Armor
41:40 Blast Furnace
41:25 Elite Battle Elephant
45:10 Murder Holes
45:29 Hussar
47:37 Conscription
heisenberg
11:52 Feudal Age
11:19 Loom
13:09 Double-Bit Axe
13:05 Horse Collar
17:50 Castle Age
21:58 Pikeman
25:36 Gold Mining
25:37 Stone Mining
31:37 Sanctity
32:12 Wheelbarrow
33:23 Scale Mail Armor
33:33 Forging
33:15 Fletching
34:17 Squires
39:06 Imperial Age
36:23 Town Watch
37:14 Chain Mail Armor
37:35 Iron Casting
37:15 Bodkin Arrow
38:59 Stone Shaft Mining
38:37 Padded Archer Armor
40:07 Wheelbarrow
40:33 Conscription
40:11 Halberdier
42:05 Blast Furnace
41:43 Anarchy
41:44 Perfusion
43:09 Bracer
44:22 Elite Huskarl
49:24 Heavy Plow
50:20 Leather Archer Armor
51:04 Guilds
51:39 Crop Rotation
Connection lost

Rejoining the realm…

Still unreachable

The connection could not be restored.

Session expired

The server has moved on; the page needs a fresh start.